 Dungeon Crawl Stone Soup version 0.29.1-1-gd02db6906a (webtiles) character file.

Game seed: 5823559127636914079

1522 MajorAdolf the Poker (level 8, -6/74 HPs)
             Began as a Naga Wanderer on Oct 10, 2022.
             Was an Initiate of Gozag.
             Mangled by Menkaure (18 damage)
             ... on level 6 of the Dungeon.
             The game lasted 00:13:16 (14922 turns).

MajorAdolf the Poker (Naga Wanderer)               Turns: 14922, Time: 00:13:16

Health: -6/74      AC:  9    Str: 18    XL:     8   Next: 84%
Magic:  0/8        EV:  9    Int: 13    God:    Gozag
Gold:   112        SH:  4    Dex:  9    Spells: 7/7 levels left

rFire   . . .      SeeInvis +   a - +0 trident
rCold   . . .      Faith    .   c - +0 buckler
rNeg    . . .      Spirit   +   F - +2 ring mail {rPois}
rPois   +          Reflect  .   (no helmet)
rElec   .          Harm     .   b - +0 cloak
rCorr   .          Rampage  .   (no gloves)
Will    +....                   (no barding)
Stlth   +.........              m - amulet of guardian spirit
HPRegen 0.22/turn               p - ring of flight
MPRegen 0.11/turn               A - ring of wizardry

@: flying, very slow
A: AC +2, large, see invisible, deformed body, poison resistance, slowness 2,
spit poison 1, naga tail 1
a: Spit Poison, Renounce Religion, Potion Petition, Call Merchant, Bribe Branch


You were on level 6 of the Dungeon.
You worshipped Gozag.
Gozag was aware of your devotion.
You visited 2 branches of the dungeon, and saw 7 of its levels.

You collected 208 gold pieces.
You paid 96 gold pieces to Gozag.

Inventory:

Hand Weapons
 a - a +0 trident (weapon)
Armour
 b - a +0 cloak (worn)
 c - a +0 buckler (worn)
 u - +0 gold dragon scales
 F - a +2 ring mail of poison resistance (worn)
Jewellery
 m - an amulet of guardian spirit (around neck)
 p - a ring of flight (left hand)
 A - a ring of wizardry (right hand)
Wands
 D - a wand of flame (23)
Scrolls
 f - 2 scrolls of teleportation
 h - a scroll of amnesia
 i - a scroll of fog
 j - a scroll of blinking {unknown}
 n - a scroll of magic mapping {unknown}
 q - 2 scrolls of fear {unknown}
 s - a scroll of noise {unknown}
 y - 2 scrolls of vulnerability
 B - a scroll of identify
 C - a scroll of poison {unknown}
Potions
 d - 2 potions of attraction
 g - a potion of brilliance {unknown}
 k - a potion of curing {unknown}
 l - 2 potions of degeneration {unknown}
 o - 3 potions of mutation {unknown}
 t - a potion of might {unknown}
 v - 2 potions of flight {unknown}
 w - a potion of haste {unknown}
 z - 2 potions of cancellation {unknown}
 E - a potion of berserk rage {unknown}


   Skills:
 + Level 5.0 Fighting
 + Level 5.4 Polearms
 + Level 3.2 Armour
 + Level 3.3 Dodging
 - Level 1.5 Stealth
 + Level 4.4 Shields
 - Level 2.0 Unarmed Combat
 - Level 1.0 Invocations
 + Level 2.5 Evocations


You had 7 spell levels left.
You didn't know any spells.
Your spell library was empty.

Dungeon Overview and Level Annotations

Branches:
Dungeon (6/15)             Temple (1/1) D:4

Altars:
Ashenzari
Cheibriados
Dithmenos
Elyvilon
Gozag
Hepliaklqana
Kikubaaqudgha
Makhleb
Nemelex Xobeh
Sif Muna
Trog
Uskayaw
Xom
Yredelemnul
Zin
The Shining One

Shops:
D:4 :   D:6 (

Annotations:
D:4 3 runed translucent doors, ILmort's ghost, amateur TrFi
D:5 2 runed translucent doors, exclusion: downstairs, Garym's ghost, novice MiBe
D:6 Menkaure


Innate Abilities, Weirdness & Mutations

Your serpentine skin is tough. (AC +2)
You have supernaturally acute eyesight. (SInv)
Armour fits poorly on your strangely shaped body.
Your system is resistant to poisons. (rPois)
You cover ground very slowly.
You can spit poison.
You have a snake-like lower body.


Message History

Key pressed, stopping explore.
You can't see any hostile targets in range.
You reach down and open the door.
Found an opulent altar of Gozag.
There is an open door here.
There is an opulent altar of Gozag here.
You hover solemnly before the altar of Gozag.
Gozag welcomes you!
You pay a service fee of 96 gold.
There is an open door here.
Okay, then.
There is a stone staircase leading up here.
Menkaure gestures wildly while chanting.
Menkaure seems to speed up.
You reach to attack!
You hit Menkaure but do no damage. You hit Menkaure but do no damage.
Menkaure hits you. Menkaure hits you!
You hit Menkaure.
Menkaure is lightly damaged.
Menkaure hits you!
You barely miss Menkaure.
Menkaure is lightly damaged.
Menkaure gestures at you while chanting.
Pain shoots through your body!
You barely miss Menkaure.
Menkaure is lightly damaged.
Menkaure hits you but does no damage.
You closely miss Menkaure.
Menkaure is lightly damaged.
You block Menkaure's attack.
Menkaure shouts, "You disturbed my rest!
Die!"
Menkaure hits you!!
You hit Menkaure.
Menkaure is lightly damaged.
Menkaure hits you!
* * * LOW HITPOINT WARNING * * *
You puncture Menkaure!
Menkaure is heavily damaged.
Menkaure hits you!!
You die...
Your body crumbles into a pile of gold.

##....#..#..## .....
#...##..###### ##.....
#..........#.##.......
#..#...................
#..#####..##..##.......
.
##.........#...........
..
#...#.................
.
#####..##....#........
#_'.#####...@M......
##### ##.......... $
#.......... #.###......
$ #.. #..... ##. ...#.
.. #.## .# ##


You could see Menkaure (fast).

Vanquished Creatures
  Eustachio (D:4)
  An ice beast (D:5)
  2 black bears
  A phantom (D:3)
  Blork the orc (D:4)
  2 necrophages
  2 scorpions
  A howler monkey (D:5)
  3 orc priests
  3 hounds
  A jelly (D:5)
  An iron imp (D:5)
  4 iguanas (D:5)
  2 orc wizards
  3 gnolls (D:5)
  12 adders
  A white imp (D:6)
  2 ufetubi (D:5)
  2 adder zombies (D:4)
  A worm (D:5)
  6 dart slugs
  26 orcs
  9 endoplasms
  2 giant cockroaches
  4 goblins
  4 hobgoblins
  6 jackals (D:2)
  6 kobolds
  6 quokkas
  5 ball pythons
  9 bats
  2 frilled lizards
  5 rats
136 creatures vanquished.

Notes
Turn   | Place    | Note
-------+----------+-------------------------------------------
     0 | D:1      | MajorAdolf the Naga Wanderer began the quest for the Orb.
     0 | D:1      | MajorAdolf set off with the following items: a +0 trident,
                  | a potion of lignification, a +0 buckler, a potion of
                  | attraction, a +0 leather armour.
     0 | D:1      | Reached XP level 1. HP: 19/19 MP: 1/1
   258 | D:1      | Reached XP level 2. HP: 22/26 MP: 2/2
  1025 | D:2      | Reached XP level 3. HP: 27/33 MP: 3/3
  1206 | D:2      | Found a faded altar of an unknown god.
  1518 | D:2      | Reached XP level 4. HP: 24/40 MP: 4/4
  1844 | D:2      | You fall into a shaft and drop 1 floor!
  3051 | D:3      | Reached XP level 5. HP: 39/49 MP: 5/5
  4916 | D:3      | Reached skill level 1 in Armour
  4916 | D:3      | Reached skill level 1 in Dodging
  6320 | D:3      | Reached XP level 6. HP: 35/56 MP: 6/6
  7483 | D:4      | Found Dufyudi's Book Shoppe.
  9728 | D:4      | Found a staircase to the Ecumenical Temple.
  9744 | Temple   | Entered the Ecumenical Temple
 11125 | D:4      | Found a runed translucent gate.
 11125 | D:4      | Found a runed translucent gate.
 11125 | D:4      | Found a runed translucent gate.
 11125 | D:4      | Noticed ILmort's ghost (amateur TrFi)
 11127 | D:4      | Found a basalt altar of Yredelemnul.
 11377 | D:5      | Entered Level 5 of the Dungeon
 11377 | D:5      | Found a runed translucent door.
 11553 | D:5      | Noticed Garym's ghost (novice MiBe)
 11553 | D:5      | Noticed a black bear
 11553 | D:5      | Found a runed translucent door.
 11569 | D:4      | Killed a black bear
 11570 | D:4      | Reached XP level 7. HP: 30/63 MP: 1/7
 12846 | D:5      | Noticed Blork the orc
 12846 | D:5      | Noticed Eustachio
 12868 | D:4      | Killed Blork the orc
 13205 | D:4      | Killed Eustachio
 13206 | D:4      | Reached skill level 1 in Evocations
 13206 | D:4      | Reached XP level 8. HP: 57/73 MP: 6/8
 13339 | D:5      | Reached skill level 5 in Polearms
 13824 | D:5      | Found a snail-covered altar of Cheibriados.
 14016 | D:5      | Found a glowing golden altar of the Shining One.
 14016 | D:5      | Found a glowing silver altar of Zin.
 14147 | D:5      | Found a white marble altar of Elyvilon.
 14265 | D:5      | Reached skill level 5 in Fighting
 14535 | D:6      | Noticed Menkaure
 14535 | D:6      | Found Wecaet's Weapon Shop.
 14895 | D:6      | Found an opulent altar of Gozag.
 14898 | D:6      | Became a worshipper of Gozag Ym Sagoz the Greedy
 14922 | D:6      | Mangled by Menkaure

Illustrated notes

Levels and vault maps discovered:
D:1:      ebering_hopf_link, layout_loops_cross, minmay_misc_feat_room,
          hangedman_abyss_or_decor_stabs
D:2:      layout_loops_corners, hellmonk_ecumenical_altar_pennies_from_heaven
D:3:      layout_basic
D:4:      layout_cave_pods, nicolae_yredelemnul_ghost_church,
          minmay_temple_entry_stoned_glass, serial_shops, nicolae_stop_n_shop_1
D:5:      minmay_skewed_foursquare, layout_rooms, good_gods_mini_temple,
          slow_altar_2, ebering_ghost_sewer_f, grunt_tough_drop, uniq_eustachio,
          uniq_blork_the_orc
D:6:      layout_cave_pools, lemuel_round_altar, kennysheep_mini, serial_shops,
          shop, uniq_menkaure
Temple:   nicolae_temple_bog_church

Skill      XL: |  1  2  3  4  5  6  7  8 |
---------------+-------------------------+-----
Shields        | 2 3 4 |  4.4
Polearms       | 3 4 5 |  5.4
Fighting       | 3 4 5 |  5.0
Armour         | 1 2 3 |  3.2
Dodging        | 1 2 3 |  3.3
Evocations     | 1 2 |  2.5
Stealth        | |  1.5
Unarmed Combat | |  2.0
Invocations    | |  1.0

Action                   |  1- 3 |  4- 6 |  7- 9 || total
-------------------------+-------+-------+-------++-------
Melee: Trident           |    94 |   276 |   276 ||   646
 Abil: Spit Poison       |     7 |    24 |    24 ||    55
  Use: Scroll            |       |     4 |     1 ||     5
       Potion            |       |     1 |       ||     1
 Stab: Sleeping          |     4 |     1 |       ||     5
Armor: Leather armour    |    15 |     5 |       ||    20
       Gold dragon scale |       |    20 |       ||    20
       Ring mail         |       |    33 |    66 ||    99
       Chain mail        |       |    79 |    92 ||   171
       Skin              |       |    17 |       ||    17
Dodge: Dodged            |    43 |    70 |   120 ||   233
Block: Buckler           |    15 |    48 |    63 ||   126
